 Dungeon Crawl Stone Soup version 0.29-a0-577-gafbf2c5d25 (webtiles) character file.

Game seed: 10771503793303361496

66 shoop the Insei (level 4, -6/36 HPs)
             Began as a Meteoran Transmuter on June 14, 2022.
             Killed from afar by an orc wizard (7 damage)
             ... with a magic dart
             ... on level 3 of the Dungeon.
             The game lasted 00:03:49 (560 turns).

shoop the Insei (Meteoran Transmuter)                Turns: 560, Time: 00:03:51

Health: -6/36      AC:  2    Str: 11    XL:     4   Next: 63%
Magic:  4/9        EV: 20    Int: 16    God:
Gold:   60         SH:  0    Dex: 20    Spells: 4/8 levels left

rFire   . . .      SeeInvis .     - Unarmed
rCold   . . .      Faith    .   (shield currently unavailable)
rNeg    . . .      Spirit   .   (body armour currently unavailable)
rPois   x          Reflect  .   (helmet currently unavailable)
rElec   .          Harm     .   (cloak currently unavailable)
rCorr   .          Rampage  .   (gloves currently unavailable)
Will    .....                   (boots currently unavailable)
Stlth   +.........              (no amulet)
HPRegen 0.12/turn               (no ring)
MPRegen 0.11/turn               (no ring)

@: confused, mighty, spider-form (expiring), flying, very slightly contaminated,
glowing
A: venomous fangs, tiny, sense surroundings 1, otherworldly, glowing, explore
regen
a: End Transformation


You were on level 3 of the Dungeon.
You were a venomous arachnid creature.
You visited 1 branch of the dungeon, and saw 3 of its levels.

You collected 60 gold pieces.

Inventory:

Armour
 a - a +0 robe (melded)
Scrolls
 c - a scroll of enchant armour {unknown}
 d - 3 scrolls of vulnerability {unknown}
 e - 2 scrolls of teleportation {unknown}
 f - a scroll of immolation {unknown}
 h - a scroll of brand weapon {unknown}
 i - a scroll of identify {unknown}
 j - a scroll of summoning {unknown}
Potions
 b - a potion of lignification


   Skills:
 + Level 1.7 Fighting
 - Level 2.4 Dodging
 - Level 5.1 Unarmed Combat
 - Level 2.6 Spellcasting
 - Level 2.4 Transmutations
 - Level 2.0 Poison Magic


You had 4 spell levels left.
You knew the following spells:

 Your Spells              Type           Power      Damage    Failure   Level
a - Beastly Appendage     Tmut           18%        N/A       19%         1
b - Spider Form           Tmut/Pois      9%         N/A       45%         3

Your spell library contained the following spells:

 Spells                   Type           Power      Damage    Failure   Level
 Wereblood                Tmut           9%         N/A       26%         2
 Ice Form                 Ice/Tmut       6%         N/A       89%         4


Dungeon Overview and Level Annotations

Branches:
Dungeon (3/15)

Altars:


Innate Abilities, Weirdness & Mutations

You are a venomous arachnid creature.
You have poisonous fangs.
You are tiny and dextrous.
Your spellcasting is less reliable in this form.
Your armour is entirely melded.
You are incapable of wielding weapons or throwing items.
You passively map a small area around you.
You are easily found by Zot.
You glow in the dark.
You regain HP and MP as you explore.


Message History

The orc wizard looks as sick as possible!
The orc wizard is heavily wounded.
The orc priest calls upon Beogh to heal the orc wizard.
The orc wizard is healed somewhat.
The orc wizard casts a spell at you.
You are confused.
You're too confused to move!
The orc wizard hits you with a +0 dagger.
Something closely misses you.
You bump into the rock wall.
The orc wizard closely misses you.
The orc priest hits you with a +0 dagger.
You hear some strange, mumbled words.
You are more confused.
You bump into the rock wall.
Your transformation is almost over.
You kill the orc wizard!
The orc priest hits you with a +0 dagger.
You hear some strange, mumbled words.
A magic dart appears from out of thin air!
The magic dart hits you!
* * * LOW HITPOINT WARNING * * *
Training target 2.0 for Poison Magic reached!
Your Poison Magic skill increases to level 2!
You need to enable at least one skill for training.
You're too confused to move!
The orc priest hits you but does no damage.
Something hits you.
* * * LOW HITPOINT WARNING * * *
It was a potion of flight.
You feel very buoyant.
You fly up into the air.
The orc priest hits you but does no damage.
Something closely misses you.
It was a potion of might.
You feel very mighty all of a sudden. The orc priest closely misses you.
You hear some strange, mumbled words.
A magic dart appears from out of thin air!
The magic dart hits you!
You die...

, * #.#.....# , ,
#.#####.# * #.# #.#
.# ####.# #.#
....#####<...## #.#
*
[.............####.#
######)######.....#
* , #..# ####### * ,
+ #{s#, ,#o)# +
_#...,, * ,, *#..#.
,* * ...###** ,
#...# , .#### , , ..
* , ,


You could see an orc priest.

Vanquished Creatures
  An orc wizard (D:3)
  An adder (D:2)
  A dart slug (D:2)
  A worm (D:2)
  An orc (D:3)
  4 ball pythons
  An endoplasm (D:1)
  2 giant cockroaches
  2 goblins (D:1)
  4 hobgoblins
  2 jackals (D:2)
  3 bats
  A frilled lizard (D:2)
  2 kobolds (D:2)
  2 rats (D:1)
28 creatures vanquished.

Notes
Turn   | Place    | Note
-------+----------+-------------------------------------------
     0 | D:1      | shoop the Meteoran Transmuter began the quest for the Orb.
     0 | D:1      | Reached XP level 1. HP: 16/16 MP: 5/5
   168 | D:1      | Reached skill level 4 in Unarmed Combat
   169 | D:1      | Reached XP level 2. HP: 19/23 MP: 6/6
   318 | D:2      | Reached XP level 3. HP: 17/28 MP: 5/8
   319 | D:2      | Reached skill level 5 in Unarmed Combat
   375 | D:2      | Learned a level 3 spell: Spider Form
   468 | D:2      | Reached skill level 1 in Poison Magic
   551 | D:3      | Reached XP level 4. HP: 35/35 MP: 3/9
   558 | D:3      | HP: 1/36 [something (4)]
   560 | D:3      | Killed from afar by an orc wizard

Illustrated notes

Levels and vault maps discovered:
D:1:      dpeg_arrival_boxes_within_box, layout_basic,
          minmay_misc_feat_more_columns, palyth_stone_intersect
D:2:      layout_rooms, minivault_23, minmay_misc_feat_room, minmay_liquid_box
D:3:      layout_basic, grunt_dithmenos_smoke_and_mirrors,
          gammafunk_temple_overflow_pools, mainiacjoe_overflow_alcove_1,
          gup_sewer_entry_bowl, shapermc_ecumenical_altar_mp_vishouse,
          grunt_ministairs_2

Skill      XL: |  1  2  3  4 |
---------------+-------------+-----
Unarmed Combat | 4 5 |  5.1
Poison Magic   | 1 2 |  2.0
Fighting       | |  1.7
Dodging        | |  2.4
Spellcasting   | |  2.6
Transmutations | |  2.4

Action                   |  1- 3 |  4- 6 || total
-------------------------+-------+-------++-------
Melee: Unarmed           |    53 |     1 ||    54
       Kick              |    15 |       ||    15
       Headbutt          |     7 |       ||     7
       Punch             |     1 |       ||     1
 Cast: Beastly Appendage |    11 |       ||    11
       Spider Form       |     1 |       ||     1
  Use: Potion            |     1 |     2 ||     3
Armor: Robe              |    10 |       ||    10
       Skin              |       |     2 ||     2
Dodge: Dodged            |    36 |     4 ||    40

Table legend: (Time is in decaauts)
 A = Elapsed time spent in this place.
 B = Non-inter-level travel time spent in this place.
 C = Inter-level travel time spent in this place.
 D = Time resting spent in this place.
 E = Time spent auto-exploring this place.
 F = Levels seen in this place.
 G = Mean time per level.
                   A        B        C        D        E       F      G
               +--------+--------+--------+--------+--------+-----+--------+
         Total |    555 |    555 |      0 |      0 |     99 |   3 |  185.0 |
       Dungeon |    555 |    555 |      0 |      0 |     99 |   3 |  185.0 |
               +--------+--------+--------+--------+--------+-----+--------+

Top non-repeatable levels by time:
     D:1: 314 daAuts
     D:2: 188 daAuts
     D:3: 52 daAuts
